WCHLSIM.com - West Coast Hockey League
html PUBLIC "-//W3C//DTD XHTML 1.0 Transitional//EN" "http://www.w3.org/TR/xhtml1/DTD/xhtml1-transitional.dtd"> WCHL - Game 874 - COLORADO GLACIERCATS vs ANCHORAGE ACES

COLORADO GLACIERCATS vs ANCHORAGE ACES

Created - 23 février 2023 at 09:14

Goals
1 2 3 OT1 T
COLORADO GLACIERCATS 1 1 0 0 2
ANCHORAGE ACES 1 1 0 1 3
Shots
1 2 3 OT1 T
COLORADO GLACIERCATS 15 7 6 1 29
ANCHORAGE ACES 8 14 11 3 36

1st period

1. COLORADO GLACIERCATS , Tage Thompson 26 (Vince Dunn 10) at 0:42
2. ANCHORAGE ACES , Chris Kreider 23 (Joshua Norris 27) at 2:51

Penalties :
No Penalty

2nd period

3. ANCHORAGE ACES , Connor McDavid 37 (Nikolaj Ehlers 42, Nathan MacKinnon 47) at 12:20
4. COLORADO GLACIERCATS , Blake Wheeler 13 (Brayden Schenn 23, Tage Thompson 27) at 13:26

Penalties :
Jamie Benn (COL) for Roughing (Minor) at 13:41

3rd period

No Goal

Penalties :
No Penalty

Overtime #1

5. ANCHORAGE ACES , Joshua Norris 23 (Nikolaj Ehlers 43, Ryan Pulock 11) at 3:20

Penalties :
No Penalty

Goalie Stats

Marc-Andre Fleury (COL), 33 saves from 36 shots - (0,917), OTL, 30-12-5, 63:21 minutes
Darcy Kuemper (ANC), 27 saves from 29 shots - (0,931), W, 33-9-2, 63:21 minutes

Players Stats for COLORADO GLACIERCATS

Player Name              G  A  P  +/- PIM S  H  SB GA TA FO     MP     PP MP  PK MP  
------------------------------------------------------------------------------------
Alex Iafallo             0  0  0  -2  0   4  0  0  0  0  1/3    20:13   0:00   1:06 
Alexander Wennberg       0  0  0  -1  0   1  0  0  0  0  10/15  16:16   0:00   1:06 
Blake Wheeler            1  0  1   2  0   3  0  0  0  0  0/0    19:20   0:00   0:00 
Brayden Schenn           0  1  1   1  0   1  0  0  0  0  0/2    18:33   0:00   0:00 
Devon Toews              0  0  0  -1  0   1  2  2  0  0  0/0    20:45   0:00   0:53 
Dominik Simon            0  0  0  -1  0   0  2  0  0  0  1/2    15:10   0:00   0:00 
Ilya Lyubushkin          0  0  0   0  0   0  2  1  0  0  0/0    15:51   0:00   0:00 
Jamie Benn               0  0  0  -1  2   4  1  0  0  0  1/2    15:09   0:00   0:00 
Kristopher Letang        0  0  0   0  0   1  1  1  0  0  0/0    25:45   0:00   1:06 
Linus Sandin             0  0  0   0  0   0  0  0  0  0  0/0     5:49   0:00   0:00 
Luke Schenn              0  0  0   0  0   1  4  1  0  0  0/0    19:01   0:00   0:00 
Matthew Highmore         0  0  0   0  0   1  0  0  0  0  0/7     5:49   0:00   0:00 
Ross Johnston            0  0  0   0  0   0  3  0  0  0  0/1     5:49   0:00   0:00 
Sam Reinhart             0  0  0  -1  0   3  2  0  0  0  0/3    20:30   0:00   0:00 
Tage Thompson            1  1  2   2  0   6  2  0  0  0  14/30  21:03   0:00   0:53 
Tomas Hertl              0  0  0  -1  0   2  4  0  0  0  14/22  21:01   0:00   0:53 
Vince Dunn               0  1  1   0  0   1  2  2  0  0  0/0    21:26   0:00   0:53 
Vladislav Gavrikov       0  0  0   0  0   0  1  3  0  0  0/0    20:33   0:00   1:06 

Players Stats for ANCHORAGE ACES

Player Name              G  A  P  +/- PIM S  H  SB GA TA FO     MP     PP MP  PK MP  
------------------------------------------------------------------------------------
Alex Goligoski           0  0  0   0  0   0  0  0  0  0  0/0    19:48   1:03   0:00 
Andrew Ladd              0  0  0   0  0   0  0  0  0  0  0/0     4:19   0:00   0:00 
Ben Chiarot              0  0  0  -1  0   1  2  0  0  0  0/0    20:59   0:00   0:00 
Chris Kreider            1  0  1  -1  0   4  0  0  0  0  0/0    21:08   0:56   0:00 
Connor McDavid           1  0  1   1  0   3  1  1  0  0  8/21   21:27   1:03   0:00 
Erik Haula               0  0  0   0  0   2  0  0  0  0  0/0    15:45   0:00   0:00 
Jakob Chychrun           0  0  0   1  0   0  0  0  0  0  0/0    19:20   1:03   0:00 
Jani Hakanpaa            0  0  0   0  0   1  2  0  0  0  0/0     9:01   0:00   0:00 
Jean-Sebastien Dea       0  0  0   0  0   0  0  0  0  0  0/0     0:00   0:00   0:00 
John Klingberg           0  0  0  -1  0   0  0  0  0  0  0/1    17:22   0:56   0:00 
Jonathan Audy-Marchessau 0  0  0  -1  0   3  0  0  0  0  1/3    21:08   0:56   0:00 
Joshua Norris            1  1  2   0  0   6  1  0  0  0  16/28  20:07   0:56   0:00 
Nathan MacKinnon         0  1  1   1  0   5  1  0  0  0  4/5    22:14   1:03   0:00 
Nikolaj Ehlers           0  2  2   2  0   3  1  0  0  0  1/2    21:13   1:03   0:00 
Phillip Danault          0  0  0   0  0   3  1  0  0  0  16/27  20:04   0:00   0:00 
Ryan Lomberg             0  0  0   0  0   2  4  1  0  0  0/0    15:45   0:00   0:00 
Ryan Pulock              0  1  1   2  0   0  3  0  0  0  0/0    18:59   0:00   0:00 
Seth Jones               0  0  0   0  0   3  1  2  0  0  0/0    21:24   0:56   0:00 

3 Stars

1 - Tage Thompson (COL)
2 - Joshua Norris (ANC)
3 - Nikolaj Ehlers (ANC)

Power Play

COLORADO GLACIERCATS - 0 on 0 Attempt(s) - 0,00%
ANCHORAGE ACES - 0 on 1 Attempt(s) - 0,00%

Penalty Kill

COLORADO GLACIERCATS - 1 on 1 Attempt(s) - 100,00% - Score 0 goal in Penalty Kill
ANCHORAGE ACES - 0 on 0 Attempt(s) - 0,00% - Score 0 goal in Penalty Kill

Team Stat

COLORADO GLACIERCATS - Hits : 26 - Faceoff Wins : 41 - Blocked Shots : 10 - Penalty Minutes : 2
ANCHORAGE ACES - Hits : 17 - Faceoff Wins : 46 - Blocked Shots : 4 - Penalty Minutes : 0

Official

Referees : Dean Morton and Ryan Hersey
Linesman : Matt MacPherson and Kyle Larson

Game Notes

No Game Note

Finance

Level 1 -- Attendance: 4815 (80,25%) -- Ticket Income 963 000 $
Level 2 -- Attendance: 4921 (98,42%) -- Ticket Income 615 125 $
Level 3 -- Attendance: 2000 (100,00%) -- Ticket Income 208 000 $
Level 4 -- Attendance: 4000 (100,00%) -- Ticket Income 280 000 $
Luxury Box -- Attendance: 983 (98,30%) -- Ticket Income 319 475 $
Game was played at the Alaska Center.
Total Attendance: 16719 (92,88%)
Total Ticket Income: 2 385 600 $
Other Expense: 23 856 $
Total Income: 2 361 744 $

COLORADO GLACIERCATS

5 vs 5 Forward 
   Center                   Left Wing                Right Wing               Time % Phy DF OF 
 1 Tomas Hertl              Alex Iafallo             Sam Reinhart             36     0   1  4  
 2 Tage Thompson            Brayden Schenn           Blake Wheeler            33     0   2  3  
 3 Alexander Wennberg       Jamie Benn               Dominik Simon            27     0   3  2  
 4 Matthew Highmore         Ross Johnston            Linus Sandin             4      0   3  2  

5 vs 5 Defense 
   Defense                  Defense                                           Time % Phy DF OF 
 1 Kristopher Letang        Luke Schenn                                       35     0   3  2  
 2 Vladislav Gavrikov       Vince Dunn                                        35     0   3  2  
 3 Ilya Lyubushkin          Devon Toews                                       22     1   3  1  
 4 Devon Toews              Kristopher Letang                                 8      0   2  3  

PowerPlay Forward 
   Center                   Left Wing                Right Wing               Time % Phy DF OF 
 1 Tage Thompson            Alex Iafallo             Sam Reinhart             55     1   0  4  
 2 Tomas Hertl              Brayden Schenn           Blake Wheeler            45     1   0  4  

PowerPlay Defense
   Defense                  Defense                                           Time % Phy DF OF 
 1 Kristopher Letang        Devon Toews                                       60     0   1  4  
 2 Vince Dunn               Vladislav Gavrikov                                40     0   2  3  

Penalty Kill 4 Players Forward 
   Center                   Wing                     Time % Phy DF OF 
 1 Tomas Hertl              Tage Thompson            50     0   4  1  
 2 Alexander Wennberg       Alex Iafallo             50     0   4  1  

Penalty Kill 4 Players Defense
   Defense                  Defense                  Time % Phy DF OF 
 1 Devon Toews              Vince Dunn               50     1   4  0  
 2 Kristopher Letang        Vladislav Gavrikov       50     1   4  0  

Penalty Kill - 3 Players Forward 
   Forward                                           Time % Phy DF OF 
 1 Tomas Hertl                                       50     0   5  0  
 2 Alexander Wennberg                                50     0   5  0  

Penalty Kill - 3 Players Defense
   Defense                  Defense                  Time % Phy DF OF 
 1 Devon Toews              Vince Dunn               50     0   5  0  
 2 Kristopher Letang        Vladislav Gavrikov       50     0   5  0  

4 vs 4 Forward 
   Center                   Wing                     Time % Phy DF OF 
 1 Tomas Hertl              Tage Thompson            50     0   1  4  
 2 Brayden Schenn           Sam Reinhart             50     0   1  4  

4 vs 4 Defense
   Defense                  Defense                  Time % Phy DF OF 
 1 Kristopher Letang        Vladislav Gavrikov       45     0   3  2  
 2 Devon Toews              Vince Dunn               55     0   3  2  

Last Minutes Offensive
   Center                   Left Wing                Right Wing               Defense                  Defense                  
   Tomas Hertl              Tage Thompson            Sam Reinhart             Kristopher Letang        Vince Dunn               

Last Minutes Defensive
   Center                   Left Wing                Right Wing               Defense                  Defense                  
   Alexander Wennberg       Alex Iafallo             Tage Thompson            Devon Toews              Kristopher Letang        

Goaltenders
Starting : Marc-Andre Fleury        
Backup : Kaapo Kahkonen           

Extra Forwards
Normal : Tage Thompson, Sam Reinhart, Brayden Schenn - PP : Tage Thompson, Alexander Wennberg - PK : Linus Sandin
Extra Defensemen
Normal : Ilya Lyubushkin, Vince Dunn, Luke Schenn - PP : Kristopher Letang - PK : Luke Schenn, Vince Dunn
Penalty Shots
Tomas Hertl, Sam Reinhart, Blake Wheeler, Brayden Schenn, Tage Thompson
Custom OT Lines Forwards
Tage Thompson, Sam Reinhart, Tomas Hertl, Blake Wheeler, Brayden Schenn, Alex Iafallo, Alexander Wennberg, Jamie Benn, Dominik Simon, Matthew Highmore
Custom OT Lines Defensemen
Kristopher Letang, Vince Dunn, Devon Toews, Vladislav Gavrikov, Luke Schenn

Scratches
Mario Ferraro (Chest/Ribs Injury), Leon Draisaitl (Healthy), Sami Niku (Healthy)

ANCHORAGE ACES

5 vs 5 Forward 
   Center                   Left Wing                Right Wing               Time % Phy DF OF 
 1 Connor McDavid           Nikolaj Ehlers           Nathan MacKinnon         32     0   1  4  
 2 Joshua Norris            Chris Kreider            Jonathan Audy-Marchessaul32     0   2  3  
 3 Phillip Danault          Erik Haula               Ryan Lomberg             28     0   2  3  
 4 Phillip Danault          Andrew Ladd              John Klingberg           8      1   2  2  

5 vs 5 Defense 
   Defense                  Defense                                           Time % Phy DF OF 
 1 Seth Jones               Alex Goligoski                                    33     1   2  2  
 2 Jakob Chychrun           Ryan Pulock                                       31     1   2  2  
 3 Ben Chiarot              John Klingberg                                    21     1   2  2  
 4 Ben Chiarot              Jani Hakanpaa                                     15     1   2  2  

PowerPlay Forward 
   Center                   Left Wing                Right Wing               Time % Phy DF OF 
 1 Connor McDavid           Nikolaj Ehlers           Nathan MacKinnon         50     0   0  5  
 2 Joshua Norris            Chris Kreider            Jonathan Audy-Marchessaul50     0   1  4  

PowerPlay Defense
   Defense                  Defense                                           Time % Phy DF OF 
 1 Seth Jones               John Klingberg                                    50     1   2  2  
 2 Jakob Chychrun           Alex Goligoski                                    50     1   2  2  

Penalty Kill 4 Players Forward 
   Center                   Wing                     Time % Phy DF OF 
 1 Phillip Danault          Jonathan Audy-Marchessaul50     1   2  2  
 2 Erik Haula               Chris Kreider            50     1   2  2  

Penalty Kill 4 Players Defense
   Defense                  Defense                  Time % Phy DF OF 
 1 Ben Chiarot              Ryan Pulock              50     1   2  2  
 2 Seth Jones               Jani Hakanpaa            50     1   2  2  

Penalty Kill - 3 Players Forward 
   Forward                                           Time % Phy DF OF 
 1 Phillip Danault                                   55     1   2  2  
 2 Erik Haula                                        45     1   2  2  

Penalty Kill - 3 Players Defense
   Defense                  Defense                  Time % Phy DF OF 
 1 Ryan Pulock              Seth Jones               55     1   2  2  
 2 Alex Goligoski           Jani Hakanpaa            45     1   2  2  

4 vs 4 Forward 
   Center                   Wing                     Time % Phy DF OF 
 1 Connor McDavid           Phillip Danault          50     1   2  2  
 2 Joshua Norris            Nathan MacKinnon         50     1   2  2  

4 vs 4 Defense
   Defense                  Defense                  Time % Phy DF OF 
 1 Seth Jones               Alex Goligoski           55     1   2  2  
 2 Ryan Pulock              Jani Hakanpaa            45     1   2  2  

Last Minutes Offensive
   Center                   Left Wing                Right Wing               Defense                  Defense                  
   Connor McDavid           Jonathan Audy-MarchessaulNathan MacKinnon         Seth Jones               John Klingberg           

Last Minutes Defensive
   Center                   Left Wing                Right Wing               Defense                  Defense                  
   Connor McDavid           Jonathan Audy-MarchessaulNathan MacKinnon         Seth Jones               Alex Goligoski           

Goaltenders
Starting : Darcy Kuemper            
Backup : Brian Elliott            

Extra Forwards
Normal : Nikolaj Ehlers, Nathan MacKinnon, Connor McDavid - PP : Chris Kreider, Jonathan Audy-Marchessault - PK : Nikolaj Ehlers
Extra Defensemen
Normal : Ben Chiarot, Seth Jones, Alex Goligoski - PP : Ben Chiarot - PK : Ben Chiarot, Seth Jones
Penalty Shots
Connor McDavid, Nathan MacKinnon, Chris Kreider, Jonathan Audy-Marchessault, Joshua Norris
Custom OT Lines Forwards
Nathan MacKinnon, Chris Kreider, Connor McDavid, Jonathan Audy-Marchessault, Joshua Norris, Nikolaj Ehlers, Phillip Danault, Erik Haula, Ryan Lomberg, Andrew Ladd
Custom OT Lines Defensemen
Seth Jones, John Klingberg, Ryan Pulock, Alex Goligoski, Ben Chiarot

Scratches
None


% Time on Ice - COLORADO GLACIERCATS

Lines # - Real PCT - Wanted PCT - Time Play
Normal Forward
1 - 32% - 36% - 18:48
2 - 31% - 33% - 18:14
3 - 26% - 27% - 15:10
4 - 10% - 4% - 5:49
Normal Defense
1 - 33% - 35% - 19:01
2 - 34% - 35% - 19:27
3 - 27% - 22% - 15:51
4 - 6% - 8% - 3:42
PP Forward
1 - 0% - 55%
2 - 0% - 45%
PP Defense
1 - 0% - 60%
2 - 0% - 40%
PK Forward
1 - 45% - 50% - 0:53
2 - 55% - 50% - 1:06
PK Defense
1 - 45% - 50% - 0:53
2 - 55% - 50% - 1:06
PK3 Forward
1 - 0% - 50%
2 - 0% - 50%
PK3 Defense
1 - 0% - 50%
2 - 0% - 50%
44 Forward
1 - 0% - 50%
2 - 0% - 50%
44 Defense
1 - 0% - 45%
2 - 0% - 55%
Last Minute Offensive  - 0:00
Last Minute Defensive  - 0:00
Total
Forward - 60:00
Defense - 60:00

% Time on Ice - ANCHORAGE ACES

Lines # - Real PCT - Wanted PCT - Time Play
Normal Forward
1 - 34% - 32% - 19:28
2 - 32% - 32% - 18:29
3 - 27% - 28% - 15:45
4 - 7% - 8% - 4:19
Normal Defense
1 - 32% - 33% - 18:45
2 - 32% - 31% - 18:17
3 - 21% - 21% - 11:58
4 - 16% - 15% - 9:01
PP Forward
1 - 53% - 50% - 1:03
2 - 47% - 50% - 0:56
PP Defense
1 - 47% - 50% - 0:56
2 - 53% - 50% - 1:03
PK Forward
1 - 0% - 50%
2 - 0% - 50%
PK Defense
1 - 0% - 50%
2 - 0% - 50%
PK3 Forward
1 - 0% - 55%
2 - 0% - 45%
PK3 Defense
1 - 0% - 55%
2 - 0% - 45%
44 Forward
1 - 0% - 50%
2 - 0% - 50%
44 Defense
1 - 0% - 55%
2 - 0% - 45%
Last Minute Offensive  - 0:00
Last Minute Defensive  - 0:00
Total
Forward - 60:00
Defense - 60:00

Play-by-Play

1st period


0:01 of 1st period - Connor McDavid wins face-off versus Alex Iafallo in neutral zone.
0:08 of 1st period - Shot by Connor McDavid.
0:08 of 1st period - Shot Misses the Net.
0:20 of 1st period - Shot by Alex Iafallo.
0:20 of 1st period - Stopped by Darcy Kuemper with a rebound.
0:30 of 1st period - Shot by Sam Reinhart.
0:30 of 1st period - Stopped by Darcy Kuemper without a rebound.
0:31 of 1st period - Tage Thompson wins face-off versus Joshua Norris in ANCHORAGE ACES zone.
0:40 of 1st period - Shot by Tage Thompson.
0:40 of 1st period - Shot Misses the Net.
0:42 of 1st period - Shot by Tage Thompson.
0:42 of 1st period - Goal by Tage Thompson - COLORADO GLACIERCATS : 1 - ANCHORAGE ACES : 0.
0:43 of 1st period - Alexander Wennberg wins face-off versus Phillip Danault in neutral zone.
1:55 of 1st period - Shot by Brayden Schenn.
1:55 of 1st period - Shot Misses the Net.
1:59 of 1st period - Shot by Brayden Schenn.
1:59 of 1st period - Shot Misses the Net.
2:01 of 1st period - Shot by Blake Wheeler.
2:01 of 1st period - Stopped by Darcy Kuemper without a rebound.
2:02 of 1st period - Nathan MacKinnon wins face-off versus Tomas Hertl in ANCHORAGE ACES zone.
2:17 of 1st period - Shot by Alex Iafallo.
2:17 of 1st period - Stopped by Darcy Kuemper without a rebound.
2:18 of 1st period - Joshua Norris wins face-off versus Matthew Highmore in ANCHORAGE ACES zone.
2:18 of 1st period - Joshua Norris is hit by Ross Johnston.
2:28 of 1st period - Shot by Devon Toews.
2:28 of 1st period - Stopped by Darcy Kuemper with a rebound.
2:31 of 1st period - Icing by Ryan Pulock.
2:32 of 1st period - Tomas Hertl wins face-off versus Joshua Norris in ANCHORAGE ACES zone.
2:42 of 1st period - Tomas Hertl is hit by Ryan Pulock and loses puck.
2:51 of 1st period - Shot by Chris Kreider.
2:51 of 1st period - Goal by Chris Kreider - COLORADO GLACIERCATS : 1 - ANCHORAGE ACES : 1.
2:52 of 1st period - Phillip Danault wins face-off versus Tage Thompson in neutral zone.
2:58 of 1st period - John Klingberg is hit by Luke Schenn and loses puck.
5:04 of 1st period - Jamie Benn is hit by Seth Jones and loses puck.
5:19 of 1st period - Shot by Jamie Benn.
5:19 of 1st period - Shot Misses the Net.
5:21 of 1st period - Shot by Jamie Benn.
5:21 of 1st period - Shot Blocked by Seth Jones.
7:13 of 1st period - Icing by Chris Kreider.
7:14 of 1st period - Joshua Norris wins face-off versus Tomas Hertl in ANCHORAGE ACES zone.
7:14 of 1st period - Joshua Norris is hit by Sam Reinhart.
7:17 of 1st period - Jonathan Audy-Marchessault is hit by Tomas Hertl.
7:21 of 1st period - Shot by Chris Kreider.
7:21 of 1st period - Stopped by Marc-Andre Fleury without a rebound.
7:22 of 1st period - Joshua Norris wins face-off versus Tomas Hertl in COLORADO GLACIERCATS zone.
7:22 of 1st period - Joshua Norris is hit by Devon Toews.
7:26 of 1st period - Shot by Chris Kreider.
7:26 of 1st period - Stopped by Marc-Andre Fleury with a rebound.
7:28 of 1st period - Shot by Chris Kreider.
7:28 of 1st period - Deflect By Joshua Norris.
7:28 of 1st period - Stopped by Marc-Andre Fleury without a rebound.
7:29 of 1st period - Joshua Norris wins face-off versus Alexander Wennberg in COLORADO GLACIERCATS zone.
7:29 of 1st period - Jonathan Audy-Marchessault is hit by Vladislav Gavrikov and loses puck.
7:46 of 1st period - Shot by Jamie Benn.
7:46 of 1st period - Shot Hit the Post.
7:51 of 1st period - Icing by Ben Chiarot.
7:52 of 1st period - Tomas Hertl wins face-off versus Joshua Norris in ANCHORAGE ACES zone.
8:19 of 1st period - Shot by Alex Iafallo.
8:19 of 1st period - Shot Misses the Net.
8:21 of 1st period - Shot by Kristopher Letang.
8:21 of 1st period - Shot Misses the Net.
8:34 of 1st period - Icing by Ben Chiarot.
8:35 of 1st period - Tage Thompson wins face-off versus Joshua Norris in ANCHORAGE ACES zone.
8:42 of 1st period - Shot by Tage Thompson.
8:42 of 1st period - Stopped by Darcy Kuemper without a rebound.
8:43 of 1st period - Phillip Danault wins face-off versus Tage Thompson in ANCHORAGE ACES zone.
8:43 of 1st period - Erik Haula is hit by Tage Thompson and loses puck.
9:08 of 1st period - Shot by Tage Thompson.
9:08 of 1st period - Shot Misses the Net.
9:19 of 1st period - Blake Wheeler is hit by Ryan Pulock and loses puck.
10:12 of 1st period - Shot by Alexander Wennberg.
10:12 of 1st period - Shot Misses the Net.
10:23 of 1st period - Shot by Kristopher Letang.
10:23 of 1st period - Stopped by Darcy Kuemper with a rebound.
10:25 of 1st period - Shot by Dominik Simon.
10:25 of 1st period - Shot Misses the Net.
10:52 of 1st period - Shot by Alex Iafallo.
10:52 of 1st period - Stopped by Darcy Kuemper without a rebound.
10:53 of 1st period - Joshua Norris wins face-off versus Ross Johnston in ANCHORAGE ACES zone.
10:53 of 1st period - Joshua Norris is hit by Ross Johnston.
11:06 of 1st period - Shot by Chris Kreider.
11:06 of 1st period - Deflect By Joshua Norris.
11:06 of 1st period - Stopped by Marc-Andre Fleury without a rebound.
11:07 of 1st period - Tomas Hertl wins face-off versus Phillip Danault in COLORADO GLACIERCATS zone.
11:07 of 1st period - Tomas Hertl is hit by Phillip Danault.
11:15 of 1st period - Icing by Phillip Danault.
11:16 of 1st period - Tomas Hertl wins face-off versus John Klingberg in ANCHORAGE ACES zone.
12:18 of 1st period - Shot by Jonathan Audy-Marchessault.
12:18 of 1st period - Shot Blocked by Devon Toews.
12:38 of 1st period - Shot by Jonathan Audy-Marchessault.
12:38 of 1st period - Shot Blocked by Devon Toews.
12:40 of 1st period - Shot by Jani Hakanpaa.
12:40 of 1st period - Stopped by Marc-Andre Fleury without a rebound.
12:41 of 1st period - Connor McDavid wins face-off versus Tage Thompson in COLORADO GLACIERCATS zone.
12:54 of 1st period - Shot by Nathan MacKinnon.
12:54 of 1st period - Shot Misses the Net.
12:56 of 1st period - Shot by Alex Goligoski.
12:56 of 1st period - Shot Misses the Net.
13:04 of 1st period - Shot by Nikolaj Ehlers.
13:04 of 1st period - Shot Misses the Net.
13:28 of 1st period - Shot by Connor McDavid.
13:28 of 1st period - Shot Blocked by Vince Dunn.
14:11 of 1st period - Alexander Wennberg is hit by Ryan Pulock and loses puck.
14:16 of 1st period - Shot by Alexander Wennberg.
14:16 of 1st period - Stopped by Darcy Kuemper without a rebound.
14:17 of 1st period - Joshua Norris wins face-off versus Matthew Highmore in ANCHORAGE ACES zone.
14:41 of 1st period - Shot by Matthew Highmore.
14:41 of 1st period - Stopped by Darcy Kuemper without a rebound.
14:42 of 1st period - Tomas Hertl wins face-off versus Connor McDavid in ANCHORAGE ACES zone.
14:45 of 1st period - Shot by Sam Reinhart.
14:45 of 1st period - Shot Misses the Net.
14:47 of 1st period - Shot by Tomas Hertl.
14:47 of 1st period - Stopped by Darcy Kuemper with a rebound.
14:49 of 1st period - Shot by Sam Reinhart.
14:49 of 1st period - Stopped by Darcy Kuemper without a rebound.
14:50 of 1st period - Tage Thompson wins face-off versus Jonathan Audy-Marchessault in ANCHORAGE ACES zone.
15:31 of 1st period - Vince Dunn is hit by Joshua Norris and loses puck.
16:04 of 1st period - Shot by Jamie Benn.
16:04 of 1st period - Shot Misses the Net.
16:22 of 1st period - Shot by Alexander Wennberg.
16:22 of 1st period - Shot Misses the Net.
16:24 of 1st period - Shot by Luke Schenn.
16:24 of 1st period - Stopped by Darcy Kuemper without a rebound.
16:25 of 1st period - Connor McDavid wins face-off versus Tomas Hertl in ANCHORAGE ACES zone.
16:25 of 1st period - Connor McDavid is hit by Tomas Hertl.
16:36 of 1st period - Nathan MacKinnon is hit by Ilya Lyubushkin and loses puck.
16:43 of 1st period - Shot by Nathan MacKinnon.
16:43 of 1st period - Shot Blocked by Ilya Lyubushkin.
16:45 of 1st period - Shot by Seth Jones.
16:45 of 1st period - Stopped by Marc-Andre Fleury without a rebound.
16:46 of 1st period - Joshua Norris wins face-off versus Matthew Highmore in COLORADO GLACIERCATS zone.
16:57 of 1st period - Shot by Chris Kreider.
16:57 of 1st period - Shot Misses the Net.
17:29 of 1st period - Shot by Chris Kreider.
17:29 of 1st period - Shot Misses the Net.
17:38 of 1st period - Matthew Highmore is hit by Ben Chiarot and loses puck.
18:05 of 1st period - Shot by Tomas Hertl.
18:05 of 1st period - Deflect By Sam Reinhart.
18:05 of 1st period - Shot Misses the Net.
18:16 of 1st period - Off-side.
18:17 of 1st period - Alexander Wennberg wins face-off versus Connor McDavid in neutral zone.
18:34 of 1st period - Shot by Nathan MacKinnon.
18:34 of 1st period - Shot Blocked by Vladislav Gavrikov.
18:49 of 1st period - Off-side.
18:50 of 1st period - Tomas Hertl wins face-off versus Phillip Danault in neutral zone.
19:14 of 1st period - Shot by Ryan Lomberg.
19:14 of 1st period - Deflect By Phillip Danault.
19:14 of 1st period - Stopped by Marc-Andre Fleury without a rebound.
19:15 of 1st period - Tage Thompson wins face-off versus Joshua Norris in COLORADO GLACIERCATS zone.
19:30 of 1st period - Shot by Tage Thompson.
19:30 of 1st period - Stopped by Darcy Kuemper without a rebound.
19:31 of 1st period - Tomas Hertl wins face-off versus Connor McDavid in ANCHORAGE ACES zone.
19:32 of 1st period - Shot by Sam Reinhart.
19:32 of 1st period - Shot Blocked by Connor McDavid.
19:41 of 1st period - Nikolaj Ehlers is hit by Devon Toews.
19:49 of 1st period - Nikolaj Ehlers is hit by Tomas Hertl and loses puck.
19:56 of 1st period - Alex Iafallo is hit by Nikolaj Ehlers and loses puck.
Goals for this period are 1 for COLORADO GLACIERCATS vs 1 for ANCHORAGE ACES.
Shots for this period are 15 for COLORADO GLACIERCATS vs 8 for ANCHORAGE ACES.

2nd period


0:01 of 2nd period - Phillip Danault wins face-off versus Tage Thompson in neutral zone.
0:05 of 2nd period - Off-side.
0:06 of 2nd period - Tage Thompson wins face-off versus Phillip Danault in neutral zone.
0:15 of 2nd period - Shot by Ryan Pulock.
0:15 of 2nd period - Shot Misses the Net.
0:17 of 2nd period - Shot by Erik Haula.
0:17 of 2nd period - Shot Misses the Net.
0:19 of 2nd period - Shot by Ryan Lomberg.
0:19 of 2nd period - Stopped by Marc-Andre Fleury without a rebound.
0:20 of 2nd period - Alexander Wennberg wins face-off versus Joshua Norris in COLORADO GLACIERCATS zone.
0:49 of 2nd period - Shot by Jonathan Audy-Marchessault.
0:49 of 2nd period - Stopped by Marc-Andre Fleury without a rebound.
0:50 of 2nd period - Tage Thompson wins face-off versus Phillip Danault in COLORADO GLACIERCATS zone.
1:05 of 2nd period - Shot by Erik Haula.
1:05 of 2nd period - Stopped by Marc-Andre Fleury with a rebound.
1:07 of 2nd period - Shot by Ryan Lomberg.
1:07 of 2nd period - Stopped by Marc-Andre Fleury without a rebound.
1:08 of 2nd period - Connor McDavid wins face-off versus Sam Reinhart in COLORADO GLACIERCATS zone.
1:20 of 2nd period - Off-side.
1:21 of 2nd period - Phillip Danault wins face-off versus Tage Thompson in neutral zone.
1:24 of 2nd period - Tage Thompson is hit by Ryan Lomberg and loses puck.
1:28 of 2nd period - Icing by Kristopher Letang.
1:29 of 2nd period - Joshua Norris wins face-off versus Tage Thompson in COLORADO GLACIERCATS zone.
1:42 of 2nd period - Shot by Joshua Norris.
1:42 of 2nd period - Stopped by Marc-Andre Fleury without a rebound.
1:43 of 2nd period - Phillip Danault wins face-off versus Tomas Hertl in COLORADO GLACIERCATS zone.
1:52 of 2nd period - Phillip Danault is hit by Sam Reinhart and loses puck.
2:05 of 2nd period - Shot by Phillip Danault.
2:05 of 2nd period - Shot Blocked by Vladislav Gavrikov.
2:15 of 2nd period - Shot by Jakob Chychrun.
2:15 of 2nd period - Shot Misses the Net.
3:12 of 2nd period - Shot by Connor McDavid.
3:12 of 2nd period - Shot Misses the Net.
3:35 of 2nd period - Shot by Chris Kreider.
3:35 of 2nd period - Shot Misses the Net.
4:05 of 2nd period - Shot by Chris Kreider.
4:05 of 2nd period - Shot Misses the Net.
4:07 of 2nd period - Shot by Chris Kreider.
4:07 of 2nd period - Shot Misses the Net.
4:25 of 2nd period - Sam Reinhart is hit by Ryan Lomberg and loses puck.
6:05 of 2nd period - Shot by Alexander Wennberg.
6:05 of 2nd period - Shot Misses the Net.
6:07 of 2nd period - Shot by Alexander Wennberg.
6:07 of 2nd period - Deflect By Jamie Benn.
6:07 of 2nd period - Stopped by Darcy Kuemper without a rebound.
6:08 of 2nd period - Tage Thompson wins face-off versus Joshua Norris in ANCHORAGE ACES zone.
6:22 of 2nd period - Shot by Joshua Norris.
6:22 of 2nd period - Stopped by Marc-Andre Fleury without a rebound.
6:23 of 2nd period - Phillip Danault wins face-off versus Matthew Highmore in COLORADO GLACIERCATS zone.
7:15 of 2nd period - Shot by Tage Thompson.
7:15 of 2nd period - Shot Misses the Net.
7:26 of 2nd period - Icing by Tage Thompson.
7:27 of 2nd period - Joshua Norris wins face-off versus Tage Thompson in COLORADO GLACIERCATS zone.
7:28 of 2nd period - Shot by Jonathan Audy-Marchessault.
7:28 of 2nd period - Stopped by Marc-Andre Fleury without a rebound.
7:29 of 2nd period - Joshua Norris wins face-off versus Alexander Wennberg in COLORADO GLACIERCATS zone.
7:37 of 2nd period - Chris Kreider is hit by Jamie Benn and loses puck.
7:48 of 2nd period - Shot by Jamie Benn.
7:48 of 2nd period - Stopped by Darcy Kuemper without a rebound.
7:49 of 2nd period - Tage Thompson wins face-off versus Connor McDavid in ANCHORAGE ACES zone.
8:18 of 2nd period - Shot by Tage Thompson.
8:18 of 2nd period - Stopped by Darcy Kuemper without a rebound.
8:19 of 2nd period - Phillip Danault wins face-off versus Alexander Wennberg in ANCHORAGE ACES zone.
8:30 of 2nd period - Shot by Erik Haula.
8:30 of 2nd period - Shot Misses the Net.
9:20 of 2nd period - Icing by Devon Toews.
9:21 of 2nd period - Alexander Wennberg wins face-off versus Connor McDavid in COLORADO GLACIERCATS zone.
9:42 of 2nd period - Shot by Connor McDavid.
9:42 of 2nd period - Shot Misses the Net.
9:58 of 2nd period - Shot by Nikolaj Ehlers.
9:58 of 2nd period - Stopped by Marc-Andre Fleury without a rebound.
9:59 of 2nd period - Joshua Norris wins face-off versus Sam Reinhart in COLORADO GLACIERCATS zone.
10:00 of 2nd period - Shot by Chris Kreider.
10:00 of 2nd period - Deflect By Joshua Norris.
10:00 of 2nd period - Stopped by Marc-Andre Fleury without a rebound.
10:01 of 2nd period - Joshua Norris wins face-off versus Alex Iafallo in COLORADO GLACIERCATS zone.
10:34 of 2nd period - Shot by Jonathan Audy-Marchessault.
10:34 of 2nd period - Shot Blocked by Vince Dunn.
11:04 of 2nd period - Icing by Seth Jones.
11:05 of 2nd period - Phillip Danault wins face-off versus Brayden Schenn in ANCHORAGE ACES zone.
11:24 of 2nd period - Shot by Erik Haula.
11:24 of 2nd period - Shot Blocked by Kristopher Letang.
11:36 of 2nd period - Shot by Erik Haula.
11:36 of 2nd period - Shot Misses the Net.
11:44 of 2nd period - Shot by Phillip Danault.
11:44 of 2nd period - Stopped by Marc-Andre Fleury without a rebound.
11:45 of 2nd period - Alexander Wennberg wins face-off versus Connor McDavid in COLORADO GLACIERCATS zone.
12:18 of 2nd period - Shot by Nikolaj Ehlers.
12:18 of 2nd period - Shot Misses the Net.
12:20 of 2nd period - Shot by Connor McDavid.
12:20 of 2nd period - Goal by Connor McDavid - COLORADO GLACIERCATS : 1 - ANCHORAGE ACES : 2.
12:21 of 2nd period - Jonathan Audy-Marchessault wins face-off versus Tage Thompson in neutral zone.
12:38 of 2nd period - Shot by Blake Wheeler.
12:38 of 2nd period - Stopped by Darcy Kuemper without a rebound.
12:39 of 2nd period - Phillip Danault wins face-off versus Tomas Hertl in ANCHORAGE ACES zone.
12:52 of 2nd period - Shot by Phillip Danault.
12:52 of 2nd period - Stopped by Marc-Andre Fleury without a rebound.
12:53 of 2nd period - Tage Thompson wins face-off versus Jonathan Audy-Marchessault in COLORADO GLACIERCATS zone.
13:24 of 2nd period - Shot by Brayden Schenn.
13:24 of 2nd period - Stopped by Darcy Kuemper with a rebound.
13:26 of 2nd period - Shot by Blake Wheeler.
13:26 of 2nd period - Goal by Blake Wheeler - COLORADO GLACIERCATS : 2 - ANCHORAGE ACES : 2.
13:27 of 2nd period - Alexander Wennberg wins face-off versus Phillip Danault in neutral zone.
13:41 of 2nd period - Minor Penalty to Jamie Benn for Roughing.
13:42 of 2nd period - Tomas Hertl wins face-off versus Connor McDavid in COLORADO GLACIERCATS zone.
13:47 of 2nd period - Nikolaj Ehlers is hit by Tage Thompson and loses puck.
14:25 of 2nd period - Icing by Nikolaj Ehlers.
14:26 of 2nd period - Connor McDavid wins face-off versus Alexander Wennberg in ANCHORAGE ACES zone.
15:17 of 2nd period - Jonathan Audy-Marchessault is hit by Kristopher Letang and loses puck.
15:41 of 2nd period - Chris Kreider is hit by Ilya Lyubushkin and loses puck.
15:51 of 2nd period - Icing by Devon Toews.
15:52 of 2nd period - Phillip Danault wins face-off versus Matthew Highmore in COLORADO GLACIERCATS zone.
16:45 of 2nd period - Shot by Nathan MacKinnon.
16:45 of 2nd period - Stopped by Marc-Andre Fleury without a rebound.
16:46 of 2nd period - Alexander Wennberg wins face-off versus Nikolaj Ehlers in COLORADO GLACIERCATS zone.
16:55 of 2nd period - Shot by Dominik Simon.
16:55 of 2nd period - Deflect By Jamie Benn.
16:55 of 2nd period - Stopped by Darcy Kuemper without a rebound.
16:56 of 2nd period - Tage Thompson wins face-off versus Joshua Norris in ANCHORAGE ACES zone.
17:38 of 2nd period - Shot by Brayden Schenn.
17:38 of 2nd period - Shot Misses the Net.
18:44 of 2nd period - Shot by Connor McDavid.
18:44 of 2nd period - Stopped by Marc-Andre Fleury without a rebound.
18:45 of 2nd period - Alex Iafallo wins face-off versus Phillip Danault in COLORADO GLACIERCATS zone.
Goals for this period are 1 for COLORADO GLACIERCATS vs 1 for ANCHORAGE ACES.
Shots for this period are 7 for COLORADO GLACIERCATS vs 14 for ANCHORAGE ACES.

3rd period


0:01 of 3rd period - Tage Thompson wins face-off versus Connor McDavid in neutral zone.
0:32 of 3rd period - Shot by Tage Thompson.
0:32 of 3rd period - Stopped by Darcy Kuemper without a rebound.
0:33 of 3rd period - Dominik Simon wins face-off versus Joshua Norris in ANCHORAGE ACES zone.
0:46 of 3rd period - Shot by Dominik Simon.
0:46 of 3rd period - Shot Misses the Net.
0:48 of 3rd period - Shot by Vince Dunn.
0:48 of 3rd period - Stopped by Darcy Kuemper without a rebound.
0:49 of 3rd period - Tomas Hertl wins face-off versus Phillip Danault in ANCHORAGE ACES zone.
0:58 of 3rd period - Shot by Alex Iafallo.
0:58 of 3rd period - Shot Misses the Net.
1:00 of 3rd period - Shot by Ilya Lyubushkin.
1:00 of 3rd period - Shot Misses the Net.
1:02 of 3rd period - Shot by Tomas Hertl.
1:02 of 3rd period - Deflect By Sam Reinhart.
1:02 of 3rd period - Shot Blocked by Ryan Lomberg.
1:04 of 3rd period - Shot by Alex Iafallo.
1:04 of 3rd period - Shot Misses the Net.
1:17 of 3rd period - Off-side.
1:18 of 3rd period - Jamie Benn wins face-off versus Connor McDavid in neutral zone.
1:18 of 3rd period - Kristopher Letang is hit by Nathan MacKinnon and loses puck.
1:29 of 3rd period - Shot by Nathan MacKinnon.
1:29 of 3rd period - Stopped by Marc-Andre Fleury with a rebound.
1:31 of 3rd period - Shot by Seth Jones.
1:31 of 3rd period - Stopped by Marc-Andre Fleury with a rebound.
1:42 of 3rd period - Connor McDavid is hit by Luke Schenn and loses puck.
1:49 of 3rd period - Shot by Connor McDavid.
1:49 of 3rd period - Shot Misses the Net.
1:51 of 3rd period - Shot by Nikolaj Ehlers.
1:51 of 3rd period - Shot Misses the Net.
1:54 of 3rd period - Nikolaj Ehlers is hit by Luke Schenn and loses puck.
2:01 of 3rd period - Shot by Nathan MacKinnon.
2:01 of 3rd period - Stopped by Marc-Andre Fleury without a rebound.
2:02 of 3rd period - Joshua Norris wins face-off versus Tage Thompson in COLORADO GLACIERCATS zone.
2:02 of 3rd period - Joshua Norris is hit by Vince Dunn.
2:05 of 3rd period - Chris Kreider is hit by Vince Dunn and loses puck.
2:12 of 3rd period - Shot by Jonathan Audy-Marchessault.
2:12 of 3rd period - Shot Misses the Net.
2:27 of 3rd period - Icing by Jakob Chychrun.
2:28 of 3rd period - Tomas Hertl wins face-off versus Joshua Norris in ANCHORAGE ACES zone.
4:44 of 3rd period - Icing by Kristopher Letang.
4:45 of 3rd period - Phillip Danault wins face-off versus Tage Thompson in COLORADO GLACIERCATS zone.
4:55 of 3rd period - Icing by Tage Thompson.
4:56 of 3rd period - Phillip Danault wins face-off versus Tage Thompson in COLORADO GLACIERCATS zone.
5:21 of 3rd period - Shot by Ben Chiarot.
5:21 of 3rd period - Stopped by Marc-Andre Fleury without a rebound.
5:22 of 3rd period - Phillip Danault wins face-off versus Jamie Benn in COLORADO GLACIERCATS zone.
5:35 of 3rd period - Shot by Seth Jones.
5:35 of 3rd period - Shot Blocked by Vladislav Gavrikov.
5:37 of 3rd period - Shot by Ryan Lomberg.
5:37 of 3rd period - Deflect By Erik Haula.
5:37 of 3rd period - Stopped by Marc-Andre Fleury with a rebound.
6:14 of 3rd period - Shot by Nathan MacKinnon.
6:14 of 3rd period - Shot Misses the Net.
6:16 of 3rd period - Shot by Connor McDavid.
6:16 of 3rd period - Stopped by Marc-Andre Fleury without a rebound.
6:17 of 3rd period - Tomas Hertl wins face-off versus Joshua Norris in COLORADO GLACIERCATS zone.
7:21 of 3rd period - Off-side.
7:22 of 3rd period - Tage Thompson wins face-off versus Connor McDavid in neutral zone.
7:24 of 3rd period - Blake Wheeler is hit by Ben Chiarot and loses puck.
7:42 of 3rd period - Icing by Nathan MacKinnon.
7:43 of 3rd period - Nikolaj Ehlers wins face-off versus Matthew Highmore in ANCHORAGE ACES zone.
7:43 of 3rd period - Nikolaj Ehlers is hit by Ross Johnston.
8:05 of 3rd period - Shot by Connor McDavid.
8:05 of 3rd period - Shot Misses the Net.
8:34 of 3rd period - Shot by Jamie Benn.
8:34 of 3rd period - Stopped by Darcy Kuemper without a rebound.
8:35 of 3rd period - Phillip Danault wins face-off versus Tomas Hertl in ANCHORAGE ACES zone.
8:37 of 3rd period - Erik Haula is hit by Tomas Hertl and loses puck.
8:51 of 3rd period - Shot by Alex Iafallo.
8:51 of 3rd period - Shot Misses the Net.
8:53 of 3rd period - Shot by Alex Iafallo.
8:53 of 3rd period - Stopped by Darcy Kuemper without a rebound.
8:54 of 3rd period - Joshua Norris wins face-off versus Dominik Simon in ANCHORAGE ACES zone.
10:06 of 3rd period - Shot by Seth Jones.
10:06 of 3rd period - Stopped by Marc-Andre Fleury without a rebound.
10:07 of 3rd period - Connor McDavid wins face-off versus Tage Thompson in COLORADO GLACIERCATS zone.
10:37 of 3rd period - Icing by Nathan MacKinnon.
10:38 of 3rd period - Connor McDavid wins face-off versus Sam Reinhart in ANCHORAGE ACES zone.
10:49 of 3rd period - Shot by Nikolaj Ehlers.
10:49 of 3rd period - Stopped by Marc-Andre Fleury without a rebound.
10:50 of 3rd period - Alexander Wennberg wins face-off versus Phillip Danault in COLORADO GLACIERCATS zone.
10:50 of 3rd period - Devon Toews is hit by Ryan Lomberg and loses puck.
12:09 of 3rd period - Shot by Sam Reinhart.
12:09 of 3rd period - Shot Misses the Net.
12:11 of 3rd period - Shot by Sam Reinhart.
12:11 of 3rd period - Shot Hit the Post.
12:33 of 3rd period - Shot by Sam Reinhart.
12:33 of 3rd period - Stopped by Darcy Kuemper without a rebound.
12:34 of 3rd period - Tage Thompson wins face-off versus Joshua Norris in ANCHORAGE ACES zone.
12:42 of 3rd period - Shot by Tage Thompson.
12:42 of 3rd period - Stopped by Darcy Kuemper with a rebound.
13:16 of 3rd period - Shot by Jonathan Audy-Marchessault.
13:16 of 3rd period - Shot Blocked by Luke Schenn.
13:32 of 3rd period - Kristopher Letang is hit by Ryan Lomberg and loses puck.
14:34 of 3rd period - Icing by Seth Jones.
14:35 of 3rd period - Phillip Danault wins face-off versus Alexander Wennberg in ANCHORAGE ACES zone.
14:55 of 3rd period - Jamie Benn is hit by Jani Hakanpaa and loses puck.
15:02 of 3rd period - Nikolaj Ehlers is hit by Dominik Simon and loses puck.
15:13 of 3rd period - Shot by Connor McDavid.
15:13 of 3rd period - Shot Misses the Net.
15:47 of 3rd period - Chris Kreider is hit by Dominik Simon and loses puck.
16:06 of 3rd period - Shot by Chris Kreider.
16:06 of 3rd period - Stopped by Marc-Andre Fleury without a rebound.
16:07 of 3rd period - Tomas Hertl wins face-off versus Phillip Danault in COLORADO GLACIERCATS zone.
16:38 of 3rd period - Icing by Ben Chiarot.
16:39 of 3rd period - Phillip Danault wins face-off versus Tage Thompson in ANCHORAGE ACES zone.
16:53 of 3rd period - Shot by Jonathan Audy-Marchessault.
16:53 of 3rd period - Stopped by Marc-Andre Fleury without a rebound.
16:54 of 3rd period - Connor McDavid wins face-off versus Matthew Highmore in COLORADO GLACIERCATS zone.
16:57 of 3rd period - Shot by Nikolaj Ehlers.
16:57 of 3rd period - Stopped by Marc-Andre Fleury without a rebound.
16:58 of 3rd period - Tomas Hertl wins face-off versus Nathan MacKinnon in COLORADO GLACIERCATS zone.
17:05 of 3rd period - Shot by Sam Reinhart.
17:05 of 3rd period - Shot Misses the Net.
17:08 of 3rd period - Icing by Alex Goligoski.
17:09 of 3rd period - Tage Thompson wins face-off versus Connor McDavid in ANCHORAGE ACES zone.
17:36 of 3rd period - Icing by Kristopher Letang.
17:37 of 3rd period - Joshua Norris wins face-off versus Tage Thompson in COLORADO GLACIERCATS zone.
17:37 of 3rd period - Joshua Norris is hit by Luke Schenn.
17:54 of 3rd period - Tage Thompson is hit by Jani Hakanpaa and loses puck.
18:48 of 3rd period - Icing by Seth Jones.
18:49 of 3rd period - Alexander Wennberg wins face-off versus Phillip Danault in ANCHORAGE ACES zone.
19:01 of 3rd period - Icing by Devon Toews.
19:02 of 3rd period - Alexander Wennberg wins face-off versus Connor McDavid in COLORADO GLACIERCATS zone.
19:02 of 3rd period - Alexander Wennberg is hit by Connor McDavid.
19:50 of 3rd period - Shot by Nathan MacKinnon.
19:50 of 3rd period - Shot Misses the Net.
Goals for this period are 0 for COLORADO GLACIERCATS vs 0 for ANCHORAGE ACES.
Shots for this period are 6 for COLORADO GLACIERCATS vs 11 for ANCHORAGE ACES.

Overtime #1


0:01 of 1st overtime period - Nathan MacKinnon wins face-off versus Tomas Hertl in neutral zone.
0:13 of 1st overtime period - Shot by Nathan MacKinnon.
0:13 of 1st overtime period - Stopped by Marc-Andre Fleury without a rebound.
0:14 of 1st overtime period - Nathan MacKinnon wins face-off versus Tage Thompson in COLORADO GLACIERCATS zone.
0:31 of 1st overtime period - Shot by Nathan MacKinnon.
0:31 of 1st overtime period - Stopped by Marc-Andre Fleury without a rebound.
0:32 of 1st overtime period - Nathan MacKinnon wins face-off versus Tage Thompson in COLORADO GLACIERCATS zone.
0:41 of 1st overtime period - Shot by Chris Kreider.
0:41 of 1st overtime period - Deflect By Nathan MacKinnon.
0:41 of 1st overtime period - Shot Misses the Net.
1:40 of 1st overtime period - Shot by Tomas Hertl.
1:40 of 1st overtime period - Shot Blocked by Seth Jones.
1:42 of 1st overtime period - Shot by Tomas Hertl.
1:42 of 1st overtime period - Stopped by Darcy Kuemper without a rebound.
1:43 of 1st overtime period - Tomas Hertl wins face-off versus Connor McDavid in ANCHORAGE ACES zone.
3:01 of 1st overtime period - Icing by Nikolaj Ehlers.
3:02 of 1st overtime period - Joshua Norris wins face-off versus Brayden Schenn in ANCHORAGE ACES zone.
3:18 of 1st overtime period - Shot by Joshua Norris.
3:18 of 1st overtime period - Shot Misses the Net.
3:20 of 1st overtime period - Shot by Joshua Norris.
3:20 of 1st overtime period - Goal by Joshua Norris - COLORADO GLACIERCATS : 2 - ANCHORAGE ACES : 3.
Goals for this period are 0 for COLORADO GLACIERCATS vs 1 for ANCHORAGE ACES.
Shots for this period are 1 for COLORADO GLACIERCATS vs 3 for ANCHORAGE ACES.


SEBASTIAN
AHO
MARK
SCHEIFELE
JAKE
OETTINGER

EAST COAST

HOCKEY LEAGUE

  • 17.QUE3CHI2
  • 18.CHA2LIM4
  • 19.TRV3LON2
  • 20.CHW1BAL2
  • 21.PITMAN
  • 22.ATLNHW
  • 23.WORPET
  • 24.RHI